 Dungeon Crawl Stone Soup version 0.25.1-8-g42b30a86e7 (webtiles) character file.

Game seed: 9723685606544006503

164 ig88 the Shooter (level 5, 0/44 HPs)
             Began as a Centaur Hunter on Dec 7, 2020.
             Was an Initiate of Okawaru.
             Slain by Menkaure (12 damage)
             ... on level 4 of the Dungeon.
             The game lasted 00:19:32 (4888 turns).

ig88 the Shooter (Centaur Hunter)                   Turns: 4888, Time: 00:19:32

Health: 0/44       AC:  4    Str: 15    XL:     5   Next: 21%
Magic:  5/5        EV:  9    Int: 10    God:    Okawaru [......]
Gold:   228        SH:  0    Dex: 10    Spells: 4/4 levels left

rFire    . . .     SeeInvis .   z - +1 short sword (holy)
rCold    . . .     Gourm    .   (no shield)
rNeg     . . .     Faith    .   c - +0 leather armour
rPois    .         Spirit   .   (no helmet)
rElec    .         Reflect  .   (no cloak)
rCorr    .         Harm     .   (no gloves)
MR       .....                  (no barding)
Stlth    +.........             (no amulet)
HPRegen  0.14/turn              (no ring)
MPRegen  0.09/turn              (no ring)

@: very quick
A: large, hooves 3, deformed body, speed 2, tough skin 3
a: Renounce Religion


You were on level 4 of the Dungeon.
You worshipped Okawaru.
Okawaru was noncommittal.
You were very hungry.

You visited 1 branch of the dungeon, and saw 4 of its levels.

You collected 228 gold pieces.

Inventory:

Hand Weapons
 a - a +1 shortbow
 b - a +0 hunting sling
 z - a +1 short sword of holy wrath (weapon)
Missiles
 d - 18 arrows
 h - 204 stones (quivered)
 m - 7 javelins
 s - 12 sling bullets
 u - 12 boomerangs
Armour
 c - a +0 leather armour (worn)
 x - a cursed +0 pair of gloves
Jewellery
 i - an uncursed ring of poison resistance
 o - an uncursed amulet of magic regeneration {unknown}
 B - a +4 ring of protection {unknown}
Scrolls
 e - 6 scrolls of identify {unknown}
 g - a scroll of noise {unknown}
 k - 2 scrolls of remove curse {unknown}
 q - a scroll of enchant armour {unknown}
 v - a scroll of amnesia {unknown}
 y - a scroll of fog {unknown}
 C - a scroll of enchant weapon {unknown}
Potions
 j - 2 potions of curing {unknown}
 l - 2 potions of heal wounds {unknown}
 n - a potion of brilliance {unknown}
 p - a potion of might {unknown}
 r - a potion of ambrosia {unknown}
 t - a potion of flight {unknown}
 w - a potion of stabbing {unknown}
 A - a potion of lignification {unknown}
Comestibles
 f - 8 rations


   Skills:
 + Level 2.9 Fighting
 + Level 1.9 Short Blades
 + Level 0.4 Slings
 + Level 6.3 Bows
 + Level 1.2 Armour
 + Level 2.0 Dodging
 - Level 0.4 Stealth


You had 4 spell levels left.
You didn't know any spells.
Your spell library was empty.

Dungeon Overview and Level Annotations

Branches:
Dungeon (4/15)
 Temple: D:4-7

Altars:
Kikubaaqudgha
Okawaru

Annotations:
D:4 Menkaure, Pikel


Innate Abilities, Weirdness & Mutations

You have hooves in place of feet.
Armour fits poorly on your strangely shaped body.
You cover ground very quickly.
You have extremely tough skin. (AC +3)


Message History

b - a +0 hunting sling (weapon)
You don't know any spells.
Your +1 short sword of holy wrath softly glows with a divine radiance!
z - a +1 short sword of holy wrath (weapon)
You hit Menkaure but do no damage. You kick Menkaure!
Menkaure is moderately damaged.
Menkaure hits you!
You hit Menkaure.
Menkaure convulses.
You kick Menkaure!
Menkaure is severely damaged.
Menkaure hits you!
* * * LOW HITPOINT WARNING * * *
You barely miss Menkaure. Your kick misses Menkaure.
Menkaure is severely damaged.
Menkaure gestures wildly while chanting.
Menkaure seems to speed up.
You completely miss Menkaure.
Menkaure is severely damaged.
Menkaure shouts, "The sands of time shall wipe you from history!"
Menkaure hits you!
You die...

#### ...#
##.# .#.#
p#.# .#.#
p#.###
##########
.....#
#.@M......
.#.#.#
#.########
.#.#.# #.#
[#.#.# #.#
.#.#.# #p#
.#.#.# #.#
...#.. #.#
###### #.#
.. #.#


You could see a slave and Menkaure (fast).

Vanquished Creatures
  An iguana (D:4)
  6 adders
  7 worms
  A leopard gecko (D:3)
  2 orcs (D:3)
  2 bat zombies (D:2)
  4 giant cockroaches
  5 goblins
  6 hobgoblins
  4 jackals (D:3)
  7 bats
  2 frilled lizards (D:3)
  7 kobolds
  8 rats
  2 rat zombies (D:2)
64 creatures vanquished.

Notes
Turn   | Place    | Note
-------+----------+-------------------------------------------
     0 | D:1      | ig88 the Centaur Hunter began the quest for the Orb.
     0 | D:1      | Reached XP level 1. HP: 17/17 MP: 1/1
   691 | D:1      | Reached XP level 2. HP: 24/24 MP: 2/2
  1386 | D:2      | Reached skill level 6 in Bows
  1631 | D:2      | Reached XP level 3. HP: 23/29 MP: 3/3
  2778 | D:2      | Reached skill level 1 in Short Blades
  2779 | D:2      | Reached XP level 4. HP: 37/37 MP: 4/4
  2786 | D:2      | Found an ancient bone altar of Kikubaaqudgha.
  3218 | D:3      | Found an iron altar of Okawaru.
  3263 | D:3      | Became a worshipper of Warmaster Okawaru
  3454 | D:3      | Reached skill level 1 in Armour
  4472 | D:4      | Reached XP level 5. HP: 31/44 MP: 5/5
  4766 | D:4      | Noticed a slave
  4766 | D:4      | Noticed a slave
  4787 | D:4      | Noticed Pikel
  4827 | D:4      | Noticed a slave
  4847 | D:4      | Noticed a slave
  4880 | D:4      | Noticed Menkaure
  4888 | D:4      | Slain by Menkaure

Illustrated notes

Levels and vault maps discovered:
D:1:      wander_arrival_peaceful_grave, layout_basic,
          hangedman_abyss_or_decor_lesser_grid, minmay_misc_feat_roman,
          minmay_quantized
D:2:      layout_loops_corners, lemuel_zombie_altar_kikubaaqudgha
D:3:      layout_loops_cross, okawaru_trees_2, first_ration
D:4:      layout_basic, uniq_menkaure, uniq_pikel, uniq_eustachio

Skill      XL: |  1  2  3  4  5 |
---------------+----------------+-----
Bows           | 6 |  6.3
Short Blades   | 1 |  1.9
Armour         | 1 |  1.2
Dodging        | 2 |  2.0
Fighting       | |  2.9
Slings         | |  0.4
Stealth        | |  0.4

Action                   |  1- 3 |  4- 6 || total
-------------------------+-------+-------++-------
Melee: Short sword       |   125 |   119 ||   244
       Kick              |    20 |    23 ||    43
 Fire: Shortbow          |     9 |    22 ||    31
       Hunting sling     |       |    36 ||    36
  Eat: Chunk             |     5 |     4 ||     9
Armor: Leather armour    |    56 |    37 ||    93
Dodge: Dodged            |    61 |    46 ||   107
